 Dungeon Crawl Stone Soup version 0.29.1-15-g9cfb28693d (webtiles) character file.

Game seed: 12155309546115858644

905772 manyhoops the Middleweight Champion (level 27, 0/196 HPs)
             Began as an Octopode Transmuter on Apr 11, 2023.
             Was an Initiate of Gozag.
             Killed by an exploding creeping inferno (18 damage)
             ... on level 2 of Gehenna on Apr 13, 2023.
             The game lasted 04:04:10 (105884 turns).

manyhoops the Middleweight Champion (OpTm)        Turns: 105884, Time: 04:04:10

Health: 0/196      AC: 23    Str: 36      XL:     27
Magic:  31/37      EV: 29    Int: 24 (29) God:    Gozag
Gold:   6203       SH:  4    Dex:  2      Spells: 2/54 levels left

rFire   + + +      SeeInvis +     - Unarmed
rCold   + + .      Faith    +   (shield currently unavailable)
rNeg    + . .      Spirit   .   (helmet currently unavailable)
rPois   ∞          Reflect  .   s - amulet of Axeshri {Faith Regen+ Str+5}
rElec   +          Harm     .   t - ring "Wuetog" {rC+ Will+ Int+7 SInv Stlth-}
rCorr   .          Rampage  .   H - ring "Ziqul" {rC++ EV+4 Dex-2 Slay+2}
Will    +++++      Clarity  +   a - ring of Enwir {rF+ Slay+5}
Stlth   ++++++++..              Z - ring of the Octopus King {rF+ HP+2 AC+2 EV+2 SH+2}
HPRegen 1.22/turn               Y - ring of the Octopus King {rC+ HP+2 AC+2 EV+2 SH+2}
MPRegen 0.25/turn               x - ring "Qyaghugu" {rF+ rC- Will+++ Str+5 Dex-5}
                                w - ring of the Jolly Wonders {rC- rN+ Int+6 Slay+5}
                                k - +6 ring of intelligence

@: storm-form, wereblooded, gold aura, flying, studying 2 skills, unable to read
A: cleaving, insubstantial, flying, almost no armour, amphibious, 8 rings,
(camouflage 1), (gelatinous body 1), (nimble swimmer 1), (tentacles), clarity,
clumsy 2, dopey 2, frail 1, low MP 1, screaming 1, strong 1, subdued magic 1
}: 10/15 runes: serpentine, barnacled, slimy, silver, abyssal, demonic, glowing,
magical, fiery, dark
a: Blinkbolt, End Transformation, Renounce Religion, Potion Petition, Call
Merchant, Bribe Branch


You were on level 2 of Gehenna.
You worshipped Gozag.
Gozag was greatly pleased with you.
You were a lightning-filled tempest!
You visited 14 branches of the dungeon, and saw 57 of its levels.
You visited Pandemonium 3 times, and saw 21 of its levels.
You visited the Abyss 2 times.
You also visited: Ice Cave, Volcano and Desolation.

You collected 42476 gold pieces.
You spent 11602 gold pieces at shops.
You paid 24671 gold pieces to Gozag.

Inventory:

Hand Weapons
 V - the +6 spear "Mozu" (melded) {freeze, Drain Int+8}
   (You bought it in a shop on level 8 of the Dungeon)

   It freezes those it strikes, dealing additional cold damage.
   It can also slow down cold-blooded creatures.
   Int:       It affects your intelligence (+8).
   Drain:     It drains your maximum health when unequipped.
Armour
 p - the -2 kite shield of the Foremost Xalams (melded) {Rampage Int+4 Stlth+}
   (You bought it in a shop on level 8 of the Dungeon)

   Int:       It affects your intelligence (+4).
   Rampage:   It bestows one free step when moving towards enemies.
   Stlth:     It makes you more stealthy.
 z - a +2 hat (melded)
Jewellery
 a - the ring of Enwir (on tentacle) {rF+ Slay+5}
   (You found it in Pandemonium)

   [ring of protection from fire]

   Slay:      It affects your accuracy & damage with ranged weapons and melee
   (+5).
   rF:        It protects you from fire.
 d - an amulet of reflection
 k - a +6 ring of intelligence (on tentacle)
 s - the amulet of Axeshri (around neck) {Faith Regen+ Str+5}
   (You found it on level 3 of the Elven Halls)

   [amulet of faith]

   It allows you to gain divine favour quickly.
   Str:       It affects your strength (+5).
   Regen:     It increases your rate of health regeneration.
 t - the ring "Wuetog" (left tentacle) {rC+ Will+ Int+7 SInv Stlth-}
   (You bought it in a shop in Pandemonium)

   [ring of willpower]

   Int:       It affects your intelligence (+7).
   rC:        It protects you from cold.
   SInv:      It lets you see invisible.
   Will:      It increases your willpower.
   Stlth:     It makes you less stealthy.
 w - the ring of the Jolly Wonders (on tentacle) {rC- rN+ Int+6 Slay+5}
   (You took it off an ironbound convoker in the Desolation of Salt)

   [ring of intelligence]

   Int:       It affects your intelligence (+6).
   Slay:      It affects your accuracy & damage with ranged weapons and melee
   (+5).
   rC:        It makes you vulnerable to cold.
   rN:        It protects you from negative energy.
 x - the ring "Qyaghugu" (on tentacle) {rF+ rC- Will+++ Str+5 Dex-5}
   (You acquired it on level 4 of the Vaults)

   [ring of protection from fire]

   Str:       It affects your strength (+5).
   Dex:       It affects your dexterity (-5).
   rF:        It protects you from fire.
   rC:        It makes you vulnerable to cold.
   Will:      It greatly increases your willpower.
 y - the ring of Dugas {rF+ rCorr SInv}
   (You took it off a deep elf sorcerer on level 3 of the Elven Halls)

   [ring of see invisible]

   rF:        It protects you from fire.
   SInv:      It lets you see invisible.
   rCorr:     It protects you from acid and corrosion.
 H - the ring "Ziqul" (right tentacle) {rC++ EV+4 Dex-2 Slay+2}
   (You bought it in a shop on level 2 of the Vaults)

   [ring of evasion]

   EV:        It affects your evasion (+4).
   Dex:       It affects your dexterity (-2).
   Slay:      It affects your accuracy & damage with ranged weapons and melee
   (+2).
   rC:        It greatly protects you from cold.
 N - the ring "Zakoumn" {*Slow Fly rC- rN+++ Str+2}
   (You found it in the Desolation of Salt)

   [ring of flight]

   Str:       It affects your strength (+2).
   rC:        It makes you vulnerable to cold.
   rN:        It renders you almost immune to negative energy.
   Fly:       It grants you flight.
   *Slow:     It may slow you when you take damage.
 P - the ring of Goerion {rF- rC+ rCorr Str+8 Int-3}
   (You took it off an ironbound convoker in the Desolation of Salt)

   [ring of protection from cold]

   Str:       It affects your strength (+8).
   Int:       It affects your intelligence (-3).
   rF:        It makes you vulnerable to fire.
   rC:        It protects you from cold.
   rCorr:     It protects you from acid and corrosion.
 Y - a ring of the Octopus King (on tentacle) {rC+ HP+2 AC+2 EV+2 SH+2}
   (You bought it in a shop on level 2 of the Elven Halls)

   [ring of protection from cold]

   AC:        It affects your AC (+2).
   EV:        It affects your evasion (+2).
   rC:        It protects you from cold.
   HP:        It affects your health (+2).
   SH:        It affects your SH (+2).
 Z - a ring of the Octopus King (on tentacle) {rF+ HP+2 AC+2 EV+2 SH+2}
   (You bought it in a shop on level 3 of the Elven Halls)

   [ring of protection from fire]

   AC:        It affects your AC (+2).
   EV:        It affects your evasion (+2).
   rF:        It protects you from fire.
   HP:        It affects your health (+2).
   SH:        It affects your SH (+2).
Wands
 b - a wand of mindburst (47)
 i - a wand of charming (50)
 o - a wand of digging (10)
 B - a wand of iceblast (47)
 J - a wand of light (43)
Scrolls
 g - 10 scrolls of amnesia
 l - 4 scrolls of magic mapping
 n - 3 scrolls of silence
 r - 22 scrolls of teleportation
 I - 9 scrolls of immolation
 Q - 8 scrolls of blinking
 R - 9 scrolls of poison
 S - 8 scrolls of butterflies
 U - 46 scrolls of identify
 W - 12 scrolls of fear
 X - 2 scrolls of summoning
Potions
 f - 14 potions of brilliance
 h - 30 potions of curing
 m - 4 potions of berserk rage
 q - 15 potions of attraction
 u - 3 potions of invisibility
 v - 10 potions of heal wounds
 A - 10 potions of flight
 C - 6 potions of haste
 D - 10 potions of lignification
 E - 2 potions of mutation
 F - 4 potions of ambrosia
 K - 8 potions of cancellation
 L - 6 potions of might
 M - 7 potions of resistance
 T - 7 potions of magic
Miscellaneous
 c - a lightning rod (4/4)
 e - a condenser vane
 j - a phantom mirror
 G - a tin of tremorstones (2/2)
 O - the horn of Geryon


   Skills:
 - Level 24.0 Fighting
 - Level 18.9 Dodging
 O Level 27 Stealth
 O Level 27 Unarmed Combat
 - Level 14.3 Spellcasting
 + Level 13.3 Conjurations
 - Level 19.2 Transmutations
 - Level 8.0 Ice Magic
 - Level 19.0 Air Magic
 - Level 9.1 Evocations


You had 2 spell levels left.
You knew the following spells:

 Your Spells              Type           Power      Damage    Failure   Level
a - Beastly Appendage     Tmut           100%       N/A       0%          1
b - Wereblood             Tmut           71%        N/A       0%          2
c - Storm Form            Tmut/Air       35%        N/A       1%          7
d - Swiftness             Air            70%        N/A       0%          3
e - Ozocubu's Armour      Ice            42%        N/A       1%          3
f - Chain Lightning       Conj/Air       32%        3d42      99%         9
g - Summon Lightning Spi  Summ/Air       48%        N/A       1%          4
h - Silence               Hex/Air        24%        N/A       1%          5
i - Passage of Golubria   Tloc           13%        N/A       30%         4
j - Conjure Ball Lightni  Conj/Air       32%        3x3d10    1%          6
k - Freezing Cloud        Conj/Ice/Air   29%        6-21      1%          5
l - Lesser Beckoning      Tloc           13%        N/A       9%          3

Your spell library contained the following spells:

 Spells                   Type           Power      Damage    Failure   Level
 Magic Dart               Conj           100%       1d8       0%          1
 Shock                    Conj/Air       100%       1d9       0%          1
 Searing Ray              Conj           100%       2d8       0%          2
 Static Discharge         Conj/Air       64%        3-11/arc  0%          2
 Foxfire                  Conj/Fire      100%       2x1d9     1%          1
 Freeze                   Ice            100%       1d11      1%          1
 Ensorcelled Hibernation  Hex/Ice        56%        N/A       1%          2
 Passwall                 Tmut/Erth      40%        N/A       1%          2
 Poisonous Vapours        Pois/Air       96%        N/A       1%          2
 Apportation              Tloc           26%        N/A       2%          1
 Necrotise                Necr           52%        1d6       2%          1
 Summon Small Mammal      Summ           52%        N/A       2%          1
 Call Imp                 Summ           13%        N/A       4%          2
 Sublimation of Blood     Necr           13%        N/A       4%          2
 Airstrike                Air            35%        2d(5-21)  0%          4
 Conjure Flame            Conj/Fire      37%        6-21      1%          3
 Ignite Poison            Fire/Tmut/Pois 36%        N/A       1%          3
 Mephitic Cloud           Conj/Pois/Air  52%        N/A       1%          3
 Spider Form              Tmut/Pois      48%        N/A       1%          3
 Stone Arrow              Conj/Erth      74%        3d11      1%          3
 Flame Wave               Conj/Fire      37%        2d10      1%          4
 Fulminant Prism          Conj/Hex       18%        3d11      1%          4
 Hailstorm                Conj/Ice       51%        3d11      1%          4
 Ice Form                 Ice/Tmut       59%        N/A       1%          4
 Petrify                  Tmut/Erth      48%        N/A       1%          4
 Sticky Flame             Conj/Fire      37%        2d6       1%          4
 Alistair's Intoxication  Tmut/Pois      32%        N/A       1%          5
 Blade Hands              Tmut           35%        N/A       1%          5
 Irradiate                Conj/Tmut      32%        3d22      1%          5
 Iskenderun's Battlesphe  Conj           58%        2d11      1%          5
 Dragon Form              Tmut           35%        N/A       1%          7
 Summon Ice Beast         Ice/Summ       28%        N/A       4%          4
 Fireball                 Conj/Fire      18%        3d9       4%          5
 Maxwell's Capacitive Co  Air            35%        ∞         7%          8
 Eringya's Noxious Bog    Tmut/Pois      24%        N/A       8%          6
 Statue Form              Tmut/Erth      32%        N/A       8%          6
 Gell's Gravitas          Tloc           13%        N/A       9%          3
 Inner Flame              Hex/Fire       13%        N/A       9%          3
 Summon Guardian Golem    Hex/Summ       13%        N/A       9%          3
 Teleport Other           Tloc           13%        N/A       9%          3
 Orb of Destruction       Conj           29%        9d9       10%         7
 Metabolic Englaciation   Hex/Ice        14%        N/A       16%         5
 Iron Shot                Conj/Erth      18%        9d4       28%         6
 Starburst                Conj/Fire      18%        6d7       28%         6
 Anguish                  Hex/Necr       6%         N/A       30%         4
 Cause Fear               Hex            6%         N/A       30%         4
 Dispel Undead            Necr           13%        3d9       30%         4
 Leda's Liquefaction      Hex/Erth       6%         N/A       30%         4
 Olgreb's Toxic Radiance  Pois           13%        N/A       30%         4
 Borgnjor's Vile Clutch   Necr/Erth      6%         N/A       63%         5
 Summon Forest            Summ/Tloc      6%         N/A       63%         5
 Ozocubu's Refrigeration  Ice            21%        4d12      67%         7
 Spellforged Servitor     Conj/Summ      18%        N/A       86%         7
 Death Channel            Necr           6%         N/A       99%         6
 Dispersal                Tloc           6%         N/A       99%         6
 Summon Cactus Giant      Summ           6%         N/A       99%         6
 Necromutation            Tmut/Necr      24%        N/A       99%         8
 Enfeeble                 Hex            6%         N/A       100%        7
 Malign Gateway           Summ/Tloc      6%         N/A       100%        7
 Summon Hydra             Summ           6%         N/A       100%        7
 Borgnjor's Revivificati  Necr           6%         N/A       100%        8
 Discord                  Hex            6%         N/A       100%        8
 Disjunction              Tloc           6%         N/A       100%        8
 Ignition                 Fire           6%         3d4       100%        8
 Infestation              Necr           6%         N/A       100%        8
 Lehudib's Crystal Spear  Conj/Erth      18%        10d6      100%        8
 Summon Horrible Things   Summ           6%         N/A       100%        8
 Death's Door             Necr           6%         N/A       100%        9
 Dragon's Call            Summ           6%         N/A       100%        9
 Fire Storm               Conj/Fire      18%        8d5       100%        9
 Shatter                  Erth           6%         3d9*      100%        9
 Corpse Rot               Necr/Pois/Air  Unusable   N/A       N/A         4
 Animate Armour           Summ/Erth      Unusable   N/A       N/A         4
 Simulacrum               Ice/Necr       Unusable   N/A       N/A         6

Dungeon Overview and Level Annotations

Branches:
Dungeon (15/15)            Temple (1/1) D:4            Lair (5/5) D:10
 Shoals (4/4) Lair:2        Snake (4/4) Lair:3        Slime (5/5) Lair:4
    Orc (2/2) D:10            Elf (3/3) Orc:2        Vaults (5/5) D:13
  Crypt (0/3) Vaults:2     Depths (4/4) D:15           Hell (visited)
    Dis (0/7) Hell            Geh (2/7) Hell            Coc (5/7) Hell
    Tar (0/7) Hell            Zot (1/5) Depths:4      IceCv (visited)
Volcano (visited)         Desolation (visited)

Altars:
Ashenzari
Cheibriados
Dithmenos
Elyvilon
Fedhas
Gozag
Hepliaklqana
Kikubaaqudgha
Makhleb
Nemelex Xobeh
Okawaru
Qazlal
Ru
Sif Muna
Trog
Uskayaw
Vehumet
Wu Jian
Xom
Yredelemnul
Zin
The Shining One
Jiyva

Shops:
D:1 ?=   D:2 (   D:6 [   D:8 *   D:12 *   Orc:1 ?   Orc:2 :[*!   Elf:2 *
Elf:3 =??(   Shoals:2 *!!?[   Snake:3 ?   Snake:4 =:   Slime:1 ?   Vaults:1 :
Vaults:2 =[   Vaults:3 ?=*   Vaults:5 *   Depths:2 *![::   Depths:3 :

Portals:
Hell: Depths:1 Depths:2 Depths:3 Depths:4
Abyss: Depths:4
Pandemonium: Depths:2
Ziggurat: Depths:3
Trove: Vaults:1 (give +7 demon whip)

Annotations:
Lair:4 2 transporters, Buegoig's ghost, journeyman DEEE
Snake:3 2 transporters, Dadghomedgh's ghost, adept GnHW
Elf:2 3 runed doors
Geh:2 9 runed translucent doors


Innate Abilities, Weirdness & Mutations

You are a lightning-filled tempest!
Your electrical attacks strike out in all directions at once.
You are incredibly evasive.
Your insubstantial body is immune to petrification, constriction, and being set on fire You are flying.
You are immune to poison.
Your armour is entirely melded.
You are incapable of wielding weapons or throwing items.
You cannot wear most types of armour.
You are amphibious.
You can wear up to eight rings at the same time.
((Your skin changes colour to match your surroundings (Stealth+).))
((Your rubbery body absorbs attacks. (AC +1, EV +1)))
((You are camouflaged when in or above water. (Stealth+)))
((You have tentacles for arms and can constrict up to eight enemies at once.))
You possess an exceptional clarity of mind.
You are very clumsy. (Dex -4)
You are very dopey. (Int -4)
You are frail. (-10% HP)
Your magical capacity is low. (-10% MP)
You occasionally shout uncontrollably at your foes.
Your muscles are strong. (Str +4, Int/Dex -1)
Your spells are a little easier to cast, but a little less powerful.


Message History

You see here 15 gold pieces.
The lurking horror is no longer distracted by gold.
You hear an angry squeal.
The creeping inferno is distracted by your dazzling golden aura.
You bellow as the wereblood boils in your veins!
The lurking horror is no longer distracted by gold.
The creeping inferno is distracted by your dazzling golden aura. x3
You reach down and open the gate.
The lurking horror is distracted by your dazzling golden aura.
You blast the lurking horror!!!!
Lightning courses through the lurking horror!
Your body is wracked with pain!
The fire giant convulses!
The creeping inferno is no longer distracted by gold. x3
The lurking horror is distracted by your dazzling golden aura.
You barely miss the creeping inferno. You punch the creeping inferno.
A raging storm of fire appears!
The creeping inferno explodes!
The great blast of fire engulfs the creeping inferno!
The creeping inferno partially resists.
A raging storm of fire appears!
The great blast of fire engulfs you! You partially resist.
The great blast of fire engulfs the creeping inferno!!
The creeping inferno partially resists.
A raging storm of fire appears!
The great blast of fire engulfs the creeping inferno!
The creeping inferno partially resists.
A raging storm of fire appears!
The great blast of fire engulfs the creeping inferno!
The creeping inferno partially resists.
A raging storm of fire appears!
The creeping inferno explodes!
The great blast of fire engulfs the lurking horror!!
Your body is wracked with pain!
* * * LOW HITPOINT WARNING * * *
The great blast of fire engulfs the lurking horror!!
Your body is wracked with pain!
* * * LOW HITPOINT WARNING * * *
The great blast of fire engulfs the lurking horror!!
Your body is wracked with pain!
* * * LOW HITPOINT WARNING * * *
The creeping inferno explodes!
The great blast of fire engulfs you!! You partially resist.
You die...
Your body crumbles into a pile of gold.

≈≈≈≈...≈≈≈§≈......
≈≈≈≈.....≈§.......
≈§≈≈≈..C..§≈......
≈≈≈≈§.............
≈≈§≈§..h$.........
..≈....$..........
.......v○.........
.v#+++#v☼.∩.......
..+☼vv§v○.........
..+☼☼☼○v☼.........
..+☼vv○v☼.........
..#+++#☼..........
.........^..##....
...........## ....
..........## ...
...........


You could see a fire giant, a hell hog and 9 fire vortices.

Vanquished Creatures
  Cerebov (Pan)
  Gloorx Vloq (Pan)
  the Royal Jelly (Slime:5)
  Mnoleg (Pan)
  6 pandemonium lords (Pan)
  Lom Lobon (Pan)
  A seraph (Pan)
  3 ancient liches
  Mara (Vaults:3)
  4 shard shrikes (Coc:3)
  Geryon (Hell)
  Saint Roka (Orc:2)
  Margery (Vaults:3)
  4 caustic shrikes
  Nikola (Snake:1)
  2 pearl dragons (Pan)
  2 golden dragons
  A bone dragon (Abyss:4)
  12 Tzitzimimeh (Pan)
  15 Brimstone Fiends (Pan)
  2 hellephants
  10 tentacled monstrosities
  3 Ice Fiends (Pan)
  10 Hell Sentinels
  2 searing wretches (Geh:1)
  A walking earthen tome (Depths:1)
  6 titans
  Asterion (Vaults:1)
  2 deep elf blademasters
  20 acid blobs
  4 sphinxes
  The ghost of drjones the Executioner, an adept MiBe of Trog (Shoals:1)
  5 ancient champions (Geh:1)
  20 Executioners
  4 deep elf master archers (Elf:3)
  Frances (Shoals:1)
  15 tentacled starspawn
  Agnes (Snake:2)
  15 tengu reavers
  A death cob (Zot:1)
  The ghost of thechecker02 the Blocker, an adept GnFi of Cheibriados (Shoals:3)
  A shadow dragon (shapeshifter) (Vaults:5)
  5 storm dragons
  9 nagarajas
  2 draconian knights
  4 shadow dragons
  2 thorn hunters (Snake:1)
  A revenant (Abyss:5)
  13 rockslimes
  A draconian monk (Abyss:3)
  7 azure jellies
  21 fire giants
  11 demonspawn warmongers (Pan)
  12 daevas (Pan)
  3 narguns
  15 vault wardens
  3 shard shrike simulacra (Coc:3)
  Aizul (Vaults:4)
  A fire giant (shapeshifter) (Vaults:5)
  10 deep elf sorcerers
  13 cacodemons
  18 frost giants
  6 ghost moths
  5 iron dragons
  3 imperial myrmidons (Desolation)
  3 orc warlords
  2 draconian shifters
  4 caustic shrike zombies
  25 balrugs
  3 juggernaut zombies (Hell)
  A caustic shrike skeleton (Depths:4)
  2 quicksilver oozes (Slime:5)
  4 curse skulls
  18 ironbound preservers
  5 draconian annihilators
  6 deep elf elementalists
  16 angels
  8 demonspawn corrupters (Pan)
  5 spriggan defenders
  17 reapers
  A quicksilver ooze (shapeshifter) (Elf:2)
  12 ophanim
  33 very ugly things
  4 war gargoyles
  6 elemental wellsprings
  7 demonspawn blood saints (Pan)
  16 stone giants
  2 vampire knights
  8 ironbound thunderhulks
  10 demonspawn black suns (Pan)
  28 starcursed masses
  6 dire elephants
  10 lorocyprocas
  2 red draconians (Zot:1)
  20 apis (Pan)
  A black draconian (Zot:1)
  2 entropy weavers (shapeshifter)
  5 spark wasps
  6 wendigos
  2 halazid warlocks (Desolation)
  A purple draconian (Abyss:3)
  13 deep elf demonologists
  3 entropy weavers (Depths:4)
  9 deep elf annihilators
  3 white draconians (Zot:1)
  19 blizzard demons (Pan)
  3 merfolk javelineers (Shoals:4)
  2 mummy priests
  20 ettins
  An ettin (shapeshifter) (Elf:3)
  An eidolon (Vaults:2)
  15 green deaths (Pan)
  3 crystal guardians (Desolation)
  7 deep elf death magi
  A jiangshi (Depths:4)
  5 servants of whispers (Desolation)
  6 deep elf high priests
  6 merfolk impalers
  5 ragged hierophants (Desolation)
  14 great orbs of eyes
  7 fire dragons (Depths:4)
  A fire dragon (shapeshifter) (Elf:2)
  An ice dragon (shapeshifter) (Elf:2)
  14 yaktaur captains
  6 rakshasas
  A boulder beetle (shapeshifter) (Elf:2)
  5 hell beasts
  14 peacekeepers
  6 caustic shrike simulacra
  A great orb of eyes (shapeshifter) (Elf:2)
  2 salamander tyrants
  12 anacondas
  9 ice dragons
  41 vault guards
  12 ironbound frosthearts
  7 boulder beetles
  12 hydras
  4 ogre magi
  An alligator snapping turtle (shapeshifter) (Vaults:5)
  2 juggernaut simulacra
  4 merfolk avatars
  4 spriggan air magi
  4 stokers (Geh:1)
  14 centaur warriors
  An anaconda (shapeshifter) (Vaults:5)
  9 naga warriors
  2 two-headed ogres (shapeshifter)
  9 tengu warriors
  5 satyrs
  22 dancing weapons
  4 two-headed ogres
  26 hell hogs
  8 merfolk aquamancers
  2 vampire magi
  2 alligators (Snake:1)
  6 deep troll earth magi
  10 naga sharpshooters
  15 thrashing horrors
  3 deep troll shamans
  9 orc high priests
  A spriggan berserker (Depths:1)
  9 shock serpents
  16 deep elf knights
  72 sun demons
  A storm dragon zombie (Hell)
  18 hell knights
  2 spark wasp zombies (Hell)
  A goliath frog (Snake:1)
  6 shadow wraiths (Pan)
  25 sixfirhies
  29 soul eaters (Pan)
  5 iron trolls
  8 wretched stars
  12 shadow demons
  13 cherubim (Pan)
  3 quicksilver dragon simulacra
  3 salamander mystics
  A sea snake (shapeshifter) (Depths:2)
  63 deep trolls
  8 glowing orange brains
  9 flayed ghosts
  2 deep trolls (shapeshifter)
  2 spatial maelstroms
  A golden dragon zombie (Depths:2)
  2 spriggan simulacra
  A storm dragon skeleton (Depths:2)
  12 sea snakes
  7 harpies
  A golden dragon skeleton (Depths:2)
  3 naga ritualists
  26 ironbound convokers
  13 wizards
  4 swamp dragons (Snake:1)
  11 deep elf archers
  34 deep elf pyromancers
  An orange crystal statue (IceCv)
  A harpy (shapeshifter) (Abyss:3)
  2 shadow dragon zombies (Depths:2)
  9 lindwurms
  16 orc knights
  The ghost of sking99 the Ruffian, a novice PaTm (D:8)
  18 deep elf zephyrmancers
  A stone giant zombie (Hell)
  3 frost giant zombies (Hell)
  6 shining eyes
  5 necromancers
  2 oklob plants (Lair:4)
  2 phantasmal warriors (Vaults:5)
  A wolf spider (D:10)
  5 mana vipers
  53 ugly things
  12 manticores
  A worldbinder (Abyss:3)
  21 fauns
  4 orc sorcerers
  14 salamanders
  14 cyclopes
  A will-o-the-wisp (Abyss:4)
  An elephant (shapeshifter) (Elf:2)
  An iron dragon skeleton (Pan)
  A moth of wrath (Zot:1)
  5 merfolk sirens
  A stone giant skeleton (Pan)
  7 rust devils
  13 guardian serpents
  18 black mambas
  A centaur zombie (Hell)
  18 vault sentinels
  An alligator snapping turtle zombie (Hell)
  A water nymph (shapeshifter) (Elf:2)
  63 smoke demons
  12 naga magi
  5 gargoyles
  6 apocalypse crabs
  Psyche (D:9)
  2 molten gargoyles
  26 orange demons
  10 water nymphs
  12 hellions
  A storm dragon simulacrum (Hell)
  2 unseen horrors (shapeshifter)
  12 cane toads
  A naga skeleton (Pan)
  3 unseen horrors
  2 ice devils (Pan)
  8 freezing wraiths
  10 tormentors
  37 yaktaurs
  2 rime drakes
  16 demonic crawlers
  7 tengu conjurers
  2 anaconda simulacra
  An unseen horror zombie (D:8)
  4 komodo dragons
  A bunyip simulacrum (Abyss:1)
  14 ancient zymes
  12 efreet
  25 hellwings (Pan)
  4 polar bears
  An iron giant simulacrum (Coc:3)
  A merfolk (shapeshifter) (Elf:2)
  2 hornets (shapeshifter) (Depths:2)
  13 spectral harpies (Geh:1)
  28 merfolk
  6 red devils
  9 trolls
  A silent spectre (Abyss:5)
  7 hornets
  A harpy skeleton (Pan)
  A tyrant leech (Snake:1)
  10 wind drakes
  55 saltlings
  14 blink frogs
  A blink frog (shapeshifter) (Depths:2)
  6 raiju
  10 dream sheep
  120 slime creatures
  2 spriggan zombies (Hell)
  6 snapping turtles
  A flying skull (Abyss:3)
  An iron dragon simulacrum (Coc:4)
  Sigmund (D:2)
  An ettin skeleton (Pan)
  An ettin zombie (Hell)
  4 air elementals
  A centaur simulacrum (Coc:1)
  6 dire elephant simulacra
  13 spriggans
  A wyvern (D:9)
  31 water elementals
  28 ynoxinuls
  5 spriggan skeletons
  19 yaks
  5 wraiths
  5 fire bats
  15 golden eyes
  52 large abominations
  Grum (Lair:1)
  19 chaos spawn
  2 steam dragons
  3 basilisks
  26 neqoxecs
  3 alligator snapping turtle simulacra
  2 fire elementals
  13 vampire mosquitoes
  Menkaure (D:7)
  33 nagas
  4 spatial vortices (Abyss:4)
  A warg (Orc:2)
  6 harpy simulacra
  5 swamp worms (Snake:1)
  2 acid dragons (D:12)
  2 hydra simulacra
  42 orc warriors
  6 water moccasins
  2 floating eyes
  3 ice beasts
  A black bear (shapeshifter) (Depths:2)
  7 black bears
  3 ettin simulacra
  3 sky beasts
  5 centaurs
  A boggart (shapeshifter) (Abyss:4)
  11 ogres
  17 boggarts
  25 small abominations
  46 wolves
  3 phantoms
  3 kobold brigands
  13 bullfrogs
  2 necrophages
  2 naga simulacra
  2 earth elementals
  2 scorpions
  13 wights
  A swamp dragon simulacrum (Hell)
  5 killer bees
  5 howler monkeys
  5 electric eels
  4 crimson imps (Pan)
  2 quasits
  30 orc priests
  4 jellies
  A centaur skeleton (D:8)
  2 hounds
  Crazy Yiuf (D:2)
  4 iron imps
  8 orc wizards
  3 hell rats
  Natasha (thrice) (D:3)
  A killer bee simulacrum (D:8)
  5 adders
  7 gnolls
  5 white imps
  2 ufetubi
  2 worms (D:2)
  2 dart slugs (D:1)
  72 orcs
  10 endoplasms
  2 giant cockroaches (D:4)
  9 hobgoblins
  14 jackals
  2 quokkas
  8 ball pythons
  10 bats
  5 frilled lizards
  5 goblins
  19 kobolds
  7 rats
  2 creeping infernos
  6 fire vortices
  3 lurking horrors
  6 starspawn tentacles
3193 creatures vanquished.

Vanquished Creatures (collateral kills)
  A fire giant (Depths:1)
  An orc warlord (Vaults:3)
  A vault warden (Vaults:3)
  A very ugly thing (Vaults:3)
  A demonspawn black sun (Pan)
  A dire elephant (Vaults:3)
  A merfolk javelineer (Shoals:4)
  A spriggan air mage (Depths:1)
  A centaur warrior (Vaults:2)
  A merfolk aquamancer (Shoals:3)
  A deep troll (Vaults:2)
  A sea snake (Shoals:4)
  An orc knight (Orc:2)
  The ghost of 0o0o the Trooper, a novice MiBe of Trog (D:5)
  A lindwurm (Vaults:3)
  2 orc sorcerers
  A deep elf zephyrmancer (Elf:2)
  A deep elf pyromancer (Elf:2)
  2 salamanders
  3 ugly things
  2 fauns (Shoals:3)
  A cyclops (D:12)
  A merfolk siren (Shoals:4)
  A water nymph (Shoals:4)
  A black mamba (Snake:1)
  A cane toad (Lair:5)
  An unseen horror zombie (D:8)
  2 yaktaurs
  3 merfolk
  A polar bear (Lair:5)
  2 slime creatures
  4 blink frogs (Lair:5)
  A water elemental (Shoals:1)
  A chaos spawn (Pan)
  2 neqoxecs (Pan)
  A warg (Orc:2)
  4 nagas
  A hydra simulacrum (IceCv)
  8 orc warriors
  A black bear (Lair:5)
  3 wolves (Lair:5)
  A kobold brigand (D:12)
  2 lindwurm simulacra (IceCv)
  2 orc priests (Orc:2)
  3 orc wizards
  An adder (D:5)
  16 orcs
91 creatures vanquished.

Vanquished Creatures (others)
  A large abomination (Pan)
  A quicksilver dragon simulacrum (Coc:5)
  An anaconda zombie (Abyss:3)
  A spriggan simulacrum (Coc:3)
  A wizard (Pan)
  A deep elf pyromancer (D:15)
  A worldbinder (Abyss:3)
  A smoke demon (Pan)
  A tengu conjurer (D:14)
  A saltling (Desolation)
  A dire elephant simulacrum (Coc:5)
  A hydra simulacrum (Coc:3)
  A naga simulacrum (Coc:3)
  2 hell rats
  An orc (Orc:2)
  52 ball lightnings
  3 briar patches (Snake:1)
  4 creeping infernos (Geh:2)
  4 foxfires (Abyss:4)
  57 fungi
  3 lurking horrors (Geh:2)
  138 plants
  23 starspawn tentacles
  3 withered plants (Desolation)
303 creatures vanquished.

Grand Total: 3587 creatures vanquished

Notes
Turn   | Place    | Note
-------+----------+-------------------------------------------
     0 | D:1      | manyhoops the Octopode Transmuter began the quest for the
                  | Orb.
     0 | D:1      | Reached XP level 1. HP: 13/13 MP: 3/3
   409 | D:1      | Reached XP level 2. HP: 17/18 MP: 5/5
   733 | D:1      | Learned a level 2 spell: Wereblood
  1087 | D:1      | Reached XP level 3. HP: 18/24 MP: 4/6
  1168 | D:1      | Found Ubra's Jewellery Shop.
  1378 | D:1      | Found Ykodec's Magic Scroll Boutique.
  1978 | D:2      | Noticed Sigmund
  2123 | D:2      | Found a faded altar of an unknown god.
  2210 | D:2      | Found Avuka's Weapon Emporium.
  2292 | D:2      | Found a runed translucent door.
  2293 | D:2      | Noticed Crazy Yiuf
  2862 | D:2      | Reached XP level 4. HP: 20/29 MP: 7/7
  3522 | D:3      | Reached skill level 5 in Unarmed Combat
  3522 | D:3      | Reached XP level 5. HP: 35/35 MP: 4/8
  3583 | D:3      | Found a glowing golden altar of the Shining One.
  3592 | D:3      | Noticed Natasha
  3599 | D:3      | Killed Natasha
  3979 | D:3      | Noticed Natasha
  3990 | D:3      | Killed Natasha
  4133 | D:3      | Reached XP level 6. HP: 39/41 MP: 6/9
  4152 | D:3      | Found a sparkling altar of Nemelex Xobeh.
  4193 | D:3      | Noticed Natasha
  4228 | D:3      | Killed Natasha
  4229 | D:3      | Reached skill level 1 in Stealth
  4820 | D:4      | Found a shadowy altar of Dithmenos.
  4831 | D:4      | Learned a level 4 spell: Ice Form
  4852 | D:4      | Found a glowing silver altar of Zin.
  5140 | D:4      | Found a staircase to the Ecumenical Temple.
  5148 | Temple   | Entered the Ecumenical Temple
  5306 | D:4      | Noticed a black bear
  5315 | D:4      | Found an opulent altar of Gozag.
  5323 | D:4      | Became a worshipper of Gozag Ym Sagoz the Greedy
  5367 | D:5      | Entered Level 5 of the Dungeon
  5419 | D:5      | Noticed a black bear
  5464 | D:5      | Found a runed translucent door.
  5467 | D:5      | Noticed 0o0o's ghost (novice MiBe)
  5489 | D:5      | Reached skill level 1 in Ice Magic
  5489 | D:5      | Reached XP level 7. HP: 25/45 MP: 10/10
  6584 | D:6      | Found Juwoneg's Antique Armour Shop.
  6593 | D:6      | Found an ornate altar of the Wu Jian Council.
  7505 | D:6      | Reached skill level 5 in Transmutations
  7505 | D:6      | Reached XP level 8. HP: 40/51 MP: 11/11
  8073 | D:5      | Found a sacrificial altar of Ru.
  8682 | D:2      | Killed Sigmund
  8683 | D:2      | Reached skill level 5 in Ice Magic
  9023 | D:1      | Bought a ring of wizardry for 330 gold pieces
  9407 | D:2      | Killed Crazy Yiuf
  9837 | D:6      | Reached XP level 9. HP: 43/57 MP: 12/12
 10215 | D:6      | Found a stormy altar of Qazlal.
 10281 | D:6      | Found a bloodstained altar of Trog.
 10289 | D:6      | Found a hide-covered altar of Uskayaw.
 10542 | D:7      | Noticed Menkaure
 11555 | D:7      | Identified the +2 barding of the Loofah {rPois Will++ Str-4
                  | Int+2}
 11582 | D:6      | Reached skill level 5 in Spellcasting
 11890 | D:7      | Killed Menkaure
 12026 | D:8      | Found a runed translucent gate.
 12026 | D:8      | Found a runed translucent gate.
 12027 | D:8      | Found a runed translucent gate.
 12027 | D:8      | Noticed sking99's ghost (novice PaTm)
 12064 | D:8      | Noticed a two-headed ogre
 12163 | D:8      | Reached XP level 10. HP: 63/63 MP: 16/18
 12176 | D:8      | Reached skill level 5 in Stealth
 12934 | D:9      | Noticed Psyche
 13378 | D:8      | Killed a two-headed ogre
 13993 | D:9      | Reached skill level 5 in Fighting
 14312 | D:9      | Killed an unseen horror
 14763 | D:9      | Killed Psyche
 14800 | D:9      | Noticed a two-headed ogre
 15237 | D:9      | Found an iron altar of Okawaru.
 15278 | D:9      | Killed a two-headed ogre
 15540 | D:9      | Reached XP level 11. HP: 72/72 MP: 15/19
 15835 | D:10     | Entered Level 10 of the Dungeon
 16249 | D:10     | Noticed a cyclops
 16255 | D:10     | Noticed a deep elf pyromancer
 16255 | D:10     | Noticed a wolf spider
 16264 | D:10     | Killed a wolf spider
 16295 | D:10     | Killed a cyclops
 16314 | D:10     | Noticed a brown ugly thing
 16318 | D:10     | Killed a brown ugly thing
 16319 | D:10     | Reached skill level 10 in Unarmed Combat
 16543 | D:10     | Identified the ring "Jinunou" {rPois rN+ Int+4 SInv}
 16595 | D:10     | Found a staircase to the Orcish Mines.
 16843 | D:10     | Found a staircase to the Lair.
 16899 | D:10     | Learned a level 3 spell: Swiftness
 16903 | D:10     | Learned a level 3 spell: Ozocubu's Armour
 16904 | Lair:1   | Entered Level 1 of the Lair of Beasts
 17848 | Lair:1   | Noticed Grum
 17869 | Lair:1   | Killed Grum
 17976 | Lair:1   | Noticed a five-headed hydra
 17979 | Lair:1   | Reached skill level 10 in Stealth
 18005 | Lair:1   | Killed a five-headed hydra
 18563 | Lair:2   | Identified a scroll of acquirement
 18564 | Lair:2   | Acquired a book of the Sky
 18591 | Lair:2   | Reached XP level 12. HP: 81/81 MP: 20/20
 18623 | Lair:2   | Found a dark tunnel.
 18682 | Volcano  | Entered a volcano
 19327 | Lair:2   | Noticed a boulder beetle
 19342 | Lair:2   | Killed a boulder beetle
 19718 | Lair:2   | Noticed a five-headed hydra
 19731 | Lair:2   | Killed a five-headed hydra
 19834 | Lair:2   | Reached skill level 1 in Air Magic
 20115 | D:1      | Bought the ring "Caetaero" {rCorr Int+3} for 366 gold
                  | pieces
 20115 | D:1      | Bought a +6 ring of intelligence for 396 gold pieces
 20125 | D:1      | Learned a level 7 spell: Storm Form
 20608 | Lair:2   | Found a staircase to the Shoals.
 20887 | Lair:3   | Noticed a four-headed hydra
 20898 | Lair:3   | Killed a four-headed hydra
 20931 | Lair:3   | Reached skill level 5 in Air Magic
 21623 | Lair:3   | Found a staircase to the Snake Pit.
 22680 | Lair:4   | Noticed a five-headed hydra
 22683 | Lair:4   | Found a staircase to the Slime Pits.
 22690 | Lair:4   | Killed a five-headed hydra
 22691 | Lair:4   | Reached XP level 13. HP: 86/86 MP: 21/21
 23336 | Lair:4   | Found a transporter.
 23347 | Lair:4   | Found a transporter.
 23351 | Lair:4   | Noticed Buegoig's ghost (journeyman DEEE)
 23528 | Lair:5   | Entered Level 5 of the Lair of Beasts
 24084 | Lair:5   | Acquired 543 gold pieces
 25623 | Lair:5   | Learned a level 4 spell: Summon Lightning Spire
 27559 | D:5      | Killed 0o0o's ghost
 27642 | D:8      | Killed sking99's ghost
 27702 | D:8      | Bought the +6 spear "Mozu" {freeze, Drain Int+8} for 750
                  | gold pieces
 27754 | D:11     | Got Hufoklem's Atlas of Permutations and the Mausoleum
 27774 | D:11     | Reached XP level 14. HP: 92/92 MP: 21/26
 28543 | D:12     | Reached skill level 10 in Transmutations
 30556 | D:13     | Reached skill level 10 in Air Magic
 32018 | D:13     | Found a gate to the Vaults.
 33038 | D:14     | Reached XP level 15. HP: 92/99 MP: 24/28
 33363 | D:15     | Entered Level 15 of the Dungeon
 33729 | Orc:1    | Entered Level 1 of the Orcish Mines
 33755 | Orc:1    | Noticed an orc warlord
 33767 | Orc:1    | Killed an orc warlord
 33941 | Orc:1    | Found Liklucs's Magic Scroll Shop.
 33956 | Orc:1    | Bought a scroll of silence for 142 gold pieces
 34463 | Orc:2    | Entered Level 2 of the Orcish Mines
 34728 | Orc:2    | Found a staircase to the Elven Halls.
 34745 | Orc:2    | Noticed Saint Roka
 35842 | Orc:2    | Killed Saint Roka
 36994 | Orc:2    | Found Myg Edin's Book Shop.
 36997 | Orc:2    | Found Totsan's General Store.
 36998 | Orc:2    | Found Veplicum's Distillery.
 36999 | Orc:2    | Found Omos's Antique Armour Boutique.
 37002 | Orc:2    | Bought a potion of might for 44 gold pieces
 37002 | Orc:2    | Bought a potion of resistance for 110 gold pieces
 37002 | Orc:2    | Bought a potion of mutation for 88 gold pieces
 37002 | Orc:2    | Bought a potion of mutation for 88 gold pieces
 37002 | Orc:2    | Bought a potion of haste for 110 gold pieces
 37002 | Orc:2    | Bought 2 potions of might for 88 gold pieces
 37139 | Orc:1    | Reached skill level 1 in Evocations
 37323 | D:10     | Identified the ring of the Forging Gods {*Corrode AC+4
                  | Str+3 Int+6 Dex+2}
 37355 | D:10     | Identified the ring of Meecowk {rF+ Will+ Str-2 Int+2
                  | Slay+2}
 37823 | D:15     | Identified the +0 pair of boots of Bedevilment {rF+}
 37930 | D:15     | Reached skill level 5 in Evocations
 38176 | D:15     | Found a stormy altar of Qazlal.
 38713 | D:15     | Reached XP level 16. HP: 47/108 MP: 29/29
 38967 | D:15     | Found a staircase to the Depths.
 39263 | Snake:1  | Entered Level 1 of the Snake Pit
 39801 | Shoals:1 | Entered Level 1 of the Shoals
 40908 | Shoals:1 | Noticed Frances
 40909 | Shoals:1 | Reached skill level 5 in Dodging
 40913 | Shoals:1 | Killed Frances
 41671 | Shoals:1 | Found a runed translucent gate.
 41672 | Shoals:1 | Found a runed translucent gate.
 41673 | Shoals:1 | Found a runed translucent gate.
 41854 | Shoals:1 | Noticed drjones's ghost (adept MiBe)
 41870 | Shoals:1 | Killed drjones's ghost
 41939 | Shoals:2 | Found Xyowi's Magic Scroll Boutique.
 41989 | Shoals:2 | Bought a scroll of teleportation for 36 gold pieces
 41989 | Shoals:2 | Bought a scroll of magic mapping for 90 gold pieces
 41989 | Shoals:2 | Bought a scroll of butterflies for 48 gold pieces
 42157 | Shoals:2 | Found Qiffouss's Distillery.
 42602 | Shoals:2 | Found Votuclililu's Distillery.
 42604 | Shoals:2 | Bought a potion of curing for 63 gold pieces
 42604 | Shoals:2 | Bought a potion of invisibility for 168 gold pieces
 42604 | Shoals:2 | Bought 2 potions of heal wounds for 210 gold pieces
 42604 | Shoals:2 | Bought a potion of heal wounds for 105 gold pieces
 42604 | Shoals:2 | Bought a potion of heal wounds for 105 gold pieces
 42604 | Shoals:2 | Bought a potion of curing for 63 gold pieces
 42604 | Shoals:2 | Bought a potion of mutation for 168 gold pieces
 42604 | Shoals:2 | Gained mutation: You are partially covered in iridescent
                  | scales. (AC +2) [potion of mutation]
 42604 | Shoals:2 | Gained mutation: You are strong-willed. (Will+) [potion of
                  | mutation]
 42604 | Shoals:2 | Gained mutation: Your spells are a little harder to cast,
                  | but a little more powerful. [potion of mutation]
 42631 | Shoals:2 | Bought a potion of haste for 160 gold pieces
 42631 | Shoals:2 | Bought a potion of haste for 160 gold pieces
 42631 | Shoals:2 | Bought a potion of haste for 160 gold pieces
 42631 | Shoals:2 | Bought a potion of invisibility for 128 gold pieces
 43186 | Shoals:2 | Found Esaetu's Armour Boutique.
 43502 | Shoals:2 | Found Uvamp's Assorted Antiques.
 43559 | Shoals:2 | Bought a scroll of fear for 84 gold pieces
 43559 | Shoals:2 | Bought a scroll of fear for 84 gold pieces
 43559 | Shoals:2 | Bought a potion of might for 84 gold pieces
 43680 | Shoals:3 | Reached skill level 10 in Fighting
 44539 | Shoals:3 | Found a runed translucent door.
 44548 | Shoals:3 | Noticed thechecker02's ghost (adept GnFi)
 44556 | Shoals:3 | Killed thechecker02's ghost
 44557 | Shoals:3 | Reached XP level 17. HP: 117/117 MP: 30/30
 45251 | Shoals:4 | Entered Level 4 of the Shoals
 46637 | Shoals:4 | Identified the +8 chain mail of Words of Power {Fly Str-3
                  | Int+4 Dex-5}
 46688 | Shoals:4 | Learned a level 5 spell: Metabolic Englaciation
 47209 | Shoals:4 | Got a barnacled rune of Zot
 47632 | Shoals:4 | Paralysed by an air elemental for 1 turns
 48982 | Snake:1  | Noticed Nikola
 49428 | Snake:1  | Reached XP level 18. HP: 121/130 MP: 31/31
 49889 | Snake:1  | Killed Nikola
 50969 | Snake:2  | Found a shimmering altar of Xom.
 51063 | Snake:2  | Noticed Agnes
 51071 | Snake:2  | Killed Agnes
 51783 | Snake:3  | Found a transporter.
 51784 | Snake:3  | Noticed Dadghomedgh's ghost (adept GnHW)
 52493 | Snake:3  | Found a transporter.
 52649 | Snake:3  | Reached skill level 15 in Unarmed Combat
 52683 | Snake:3  | Found a stormy altar of Qazlal.
 52925 | Snake:3  | Found Cuosaph's Magic Scroll Boutique.
 52933 | Snake:3  | Bought a scroll of teleportation for 57 gold pieces
 52933 | Snake:3  | Bought a scroll of teleportation for 57 gold pieces
 52933 | Snake:3  | Bought a scroll of summoning for 180 gold pieces
 52933 | Snake:3  | Bought a scroll of teleportation for 57 gold pieces
 53490 | Snake:4  | Entered Level 4 of the Snake Pit
 53557 | Snake:4  | Found a frozen archway.
 53776 | IceCv    | Entered an ice cave
 53809 | IceCv    | Found a transporter.
 53824 | IceCv    | Found a transporter.
 54195 | Snake:4  | Bought a +4 ring of protection for 648 gold pieces
 54588 | Snake:4  | Bought an amulet of reflection for 540 gold pieces
 54762 | Snake:4  | Found Macypium's Tremendous Tomes.
 54925 | Snake:4  | Reached XP level 19. HP: 117/137 MP: 17/32
 55029 | Snake:4  | Learned a level 4 spell: Passage of Golubria
 55206 | Snake:4  | Learned a level 7 spell: Ozocubu's Refrigeration
 55377 | Snake:4  | Got a serpentine rune of Zot
 56281 | Vaults:1 | Entered Level 1 of the Vaults
 56281 | Vaults:1 | Noticed Asterion
 56519 | Vaults:1 | Killed Asterion
 56610 | Vaults:1 | Reached skill level 15 in Fighting
 57080 | Vaults:1 | Found Xeoqakur's Book Emporium.
 57167 | Vaults:1 | Reached skill level 10 in Spellcasting
 57715 | Vaults:1 | Learned a level 5 spell: Silence
 59162 | Vaults:1 | Reached XP level 20. HP: 109/145 MP: 27/35
 59316 | Vaults:1 | Found a portal to a secret trove of treasure.
 59557 | Vaults:2 | Found a staircase to the Crypt.
 59650 | Vaults:2 | Found Ysiden's Antique Armour Shoppe.
 59854 | Vaults:2 | Bought the ring "Ziqul" {rC++ EV+4 Dex-2 Slay+2} for 970
                  | gold pieces
 62129 | Vaults:3 | Found Ziebix's Jewellery Boutique.
 62135 | Vaults:3 | Noticed Mara
 62139 | Vaults:3 | Noticed manyhoops's illusion
 62142 | Vaults:3 | Reached XP level 21. HP: 151/151 MP: 31/36
 62225 | Vaults:3 | Killed Mara
 62638 | Vaults:3 | Found Plog's Assorted Antiques.
 62649 | Vaults:3 | Bought a potion of curing for 96 gold pieces
 62649 | Vaults:3 | Bought a potion of heal wounds for 160 gold pieces
 62652 | Vaults:3 | Noticed Margery
 62664 | Vaults:3 | Killed Margery
 63040 | Vaults:3 | Found Naxzec's Magic Scroll Emporium.
 63153 | Vaults:3 | Bought a scroll of teleportation for 63 gold pieces
 64034 | Vaults:4 | Found a crumbling gateway.
 64044 | Desolati | Entered the Desolation of Salt
 64151 | Desolati | Identified the ring of Goerion {rF- rC+ rCorr Str+8 Int-3}
 64189 | Desolati | Identified the +5 kite shield of Summertime {rElec rPois
                  | Dex+4}
 64409 | Desolati | Got Cuonod's Writings on Hot Ice
 64500 | Desolati | Identified the +2 chain mail of Classification {Str+3}
 64654 | Desolati | Identified the ring of the Jolly Wonders {rC- rN+ Int+6
                  | Slay+5}
 64681 | Desolati | Identified the +5 scale mail of Fatecux {Str+2}
 64683 | Desolati | Got the Anthology of the Atmosphere and the Ground
 64686 | Desolati | Identified the ring "Zakoumn" {*Slow Fly rC- rN+++ Str+2}
 64769 | Desolati | Identified the +1 chain mail "Want" {rPois Int+9 Dex-3
                  | Slay+3}
 64813 | Desolati | Identified the +1 ring mail of Impressiveness {rElec rN+
                  | Str+4}
 65076 | Desolati | Identified the +2 robe "Juphioce" {rC- Regen+ Str+8}
 65076 | Desolati | Identified the ring "Akimioq" {Will+ Dex+6}
 65509 | Vaults:4 | Reached XP level 22. HP: 162/162 MP: 37/37
 65744 | Vaults:4 | Noticed Aizul
 65755 | Vaults:4 | Killed Aizul
 66039 | Vaults:4 | Acquired the ring "Qyaghugu" {rF+ rC- Will+++ Str+5 Dex-5}
 66671 | Vaults:5 | Entered Level 5 of the Vaults
 67045 | Depths:1 | Entered Level 1 of the Depths
 67250 | Depths:1 | Noticed a caustic shrike
 67283 | D:15     | Killed a caustic shrike
 68104 | Vaults:5 | Noticed an ancient lich
 68260 | Vaults:5 | Killed an ancient lich
 68474 | Vaults:5 | Learned a level 3 spell: Ozocubu's Armour
 68687 | Vaults:5 | Reached XP level 23. HP: 116/176 MP: 34/38
 68952 | Vaults:5 | Identified the ring of Nenuok {Wiz Will+ Dex+3}
 68977 | Vaults:5 | Noticed a golden dragon
 68979 | Vaults:5 | Identified the +8 rapier "Teusm" {drain, rPois rCorr Str+3}
 68988 | Vaults:5 | Killed a golden dragon
 69347 | Vaults:5 | Reached skill level 15 in Transmutations
 69525 | Vaults:5 | Bought a scroll of magic mapping for 90 gold pieces
 69766 | Vaults:5 | Noticed an ancient lich
 69775 | Vaults:5 | Killed an ancient lich
 69776 | Vaults:5 | Reached skill level 15 in Air Magic
 70069 | Vaults:5 | Identified the +2 leather armour "Nesaod" {Str+7}
 70191 | Vaults:5 | Identified the +7 chain mail of Hielic {rCorr}
 70506 | Vaults:5 | Got a silver rune of Zot
 70955 | D:8      | Bought the -2 kite shield of the Foremost Xalams {Rampage
                  | Int+4 Stlth+} for 177 gold pieces
 71218 | Depths:1 | Paralysed by a floating eye for 2 turns
 71342 | Depths:1 | Noticed a caustic shrike
 71345 | Depths:1 | Killed a caustic shrike
 71421 | Depths:1 | Found a blossoming altar of Fedhas.
 71949 | Depths:1 | Found a gateway to Hell.
 72321 | Depths:1 | Found a runed translucent door.
 72365 | Depths:1 | Reached skill level 10 in Dodging
 72906 | Depths:2 | Found Geprat's Book Shoppe.
 72907 | Depths:2 | Found Wuinim's Jewellery Shop.
 72908 | Depths:2 | Found Jiocked's Book Shoppe.
 72960 | Depths:2 | Found a one-way gate leading to the halls of Pandemonium.
 73227 | Depths:2 | Noticed a caustic shrike
 73231 | Depths:2 | Killed a caustic shrike
 73549 | Depths:2 | Reached XP level 24. HP: 183/183 MP: 31/38
 74048 | Depths:3 | Found Dietim's Book Emporium.
 74078 | Depths:3 | Found a one-way gateway to a ziggurat.
 74216 | Depths:3 | You are sucked into a shaft and drop 1 floor!
 74216 | Depths:4 | Entered Level 4 of the Depths
 74540 | Depths:4 | Reached skill level 15 in Dodging
 75018 | Depths:4 | Found a one-way gate to the infinite horrors of the Abyss.
 75553 | Depths:4 | Noticed a caustic shrike
 75557 | Depths:4 | Killed a caustic shrike
 75561 | Depths:4 | Identified the ring of Vijuuttau {rPois rC- EV+4 Dex+6}
 75567 | Depths:4 | Found a gate to the Realm of Zot.
 75577 | Depths:4 | Identified the +7 great mace "Qenniler" {freeze, rElec rC-
                  | rN+ Str+3}
 75599 | Depths:4 | Identified the +3 great sword of Flawed Execution {drain,
                  | Contam rElec rF+}
 75612 | Depths:4 | Reached skill level 15 in Stealth
 75842 | Depths:4 | Identified the +6 chain mail "Piqe" {Will+++ rCorr Dex-4
                  | SInv}
 76407 | Elf:1    | Entered Level 1 of the Elven Halls
 76590 | Elf:1    | Reached XP level 25. HP: 189/189 MP: 37/38
 77085 | Elf:1    | Found a shimmering blue altar of Sif Muna.
 77277 | Elf:2    | Found a huge runed gate.
 77277 | Elf:2    | Found a huge runed gate.
 77277 | Elf:2    | Found a huge runed gate.
 77277 | Elf:2    | Found a huge runed gate.
 77277 | Elf:2    | Found a huge runed gate.
 77277 | Elf:2    | Found a huge runed gate.
 77277 | Elf:2    | Found a huge runed gate.
 77277 | Elf:2    | Found a huge runed gate.
 77277 | Elf:2    | Found a huge runed gate.
 77289 | Elf:2    | Found a huge runed gate.
 77289 | Elf:2    | Found a huge runed gate.
 77289 | Elf:2    | Found a huge runed gate.
 77289 | Elf:2    | Found a huge runed gate.
 77289 | Elf:2    | Found a huge runed gate.
 77289 | Elf:2    | Found a huge runed gate.
 77289 | Elf:2    | Found a huge runed gate.
 77290 | Elf:2    | Found a huge runed gate.
 77292 | Elf:2    | Found a huge runed gate.
 77331 | Elf:2    | Found a huge runed gate.
 77453 | Elf:2    | Found a huge runed gate.
 77458 | Elf:2    | Found a huge runed gate.
 77459 | Elf:2    | Found a huge runed gate.
 77460 | Elf:2    | Found a huge runed gate.
 77461 | Elf:2    | Found a huge runed gate.
 77462 | Elf:2    | Found a huge runed gate.
 77463 | Elf:2    | Found a huge runed gate.
 77464 | Elf:2    | Found a huge runed gate.
 77465 | Elf:2    | Found a huge runed gate.
 77473 | Elf:2    | Found a huge runed gate.
 77473 | Elf:2    | Found a huge runed gate.
 77473 | Elf:2    | Found a huge runed gate.
 77473 | Elf:2    | Found a huge runed gate.
 77473 | Elf:2    | Found a huge runed gate.
 77473 | Elf:2    | Found a huge runed gate.
 77474 | Elf:2    | Found a huge runed gate.
 77475 | Elf:2    | Found a huge runed gate.
 77760 | Elf:2    | Found a runed translucent gate.
 77760 | Elf:2    | Found a runed translucent gate.
 77762 | Elf:2    | Found a runed translucent gate.
 77886 | Elf:2    | Found Tanonk's Assorted Antiques.
 77908 | Elf:2    | Bought a ring of the Octopus King for 210 gold pieces
 77908 | Elf:2    | Found the ring of the Octopus King {rC+ HP+2 AC+2 EV+2
                  | SH+2}
 77908 | Elf:2    | Found the ring of the Octopus King {rC+ HP+2 AC+2 EV+2
                  | SH+2}
 77992 | Elf:2    | Identified the +4 plate armour of Mental Paralysis {Int+2
                  | Stlth+}
 78233 | Elf:2    | Got the Grimoire of the Storm and Accompaniment
 78793 | Elf:3    | Entered Level 3 of the Elven Halls
 79740 | Elf:3    | Identified the ring of Coomobb {+Blink rPois rCorr Int-2
                  | Slay-3 Stlth+}
 79941 | Elf:3    | Identified the ring "Ticesophe" {Wiz rPois SInv}
 80119 | Elf:3    | Identified the ring of Dugas {rF+ rCorr SInv}
 80229 | Elf:3    | Identified the amulet of Axeshri {Faith Regen+ Str+5}
 80236 | Elf:3    | Identified the ring of Accord {+Blink Fly Int+6 Slay-6}
 80239 | Elf:3    | Got the Quarto of Ensnaring Filth
 80288 | Elf:3    | Identified the +1 flail of Dullness {drain, Will++ Str-4
                  | Int+3}
 80353 | Elf:3    | Got Lisiume's Anthology of Weather
 80597 | Elf:3    | Bought a scroll of teleportation for 36 gold pieces
 80597 | Elf:3    | Bought a scroll of blinking for 90 gold pieces
 80597 | Elf:3    | Bought a scroll of teleportation for 36 gold pieces
 80599 | Elf:3    | Bought a scroll of teleportation for 48 gold pieces
 80599 | Elf:3    | Bought a scroll of teleportation for 48 gold pieces
 80611 | Elf:3    | Bought a ring of the Octopus King {rF+ HP+2 AC+2 EV+2 SH+2}
                  | for 798 gold pieces
 80611 | Elf:3    | Found the ring of the Octopus King {rF+ HP+2 AC+2 EV+2
                  | SH+2}
 81054 | Slime:1  | Entered Level 1 of the Pits of Slime
 82047 | Slime:1  | Bought a scroll of teleportation for 57 gold pieces
 82047 | Slime:1  | Bought a scroll of teleportation for 57 gold pieces
 82047 | Slime:1  | Bought a scroll of blinking for 142 gold pieces
 82047 | Slime:1  | Bought a scroll of blinking for 142 gold pieces
 82126 | Slime:2  | You are sucked into a shaft and drop 2 floors!
 82144 | Slime:4  | Reached XP level 26. HP: 196/196 MP: 38/38
 82772 | Slime:5  | Entered Level 5 of the Pits of Slime
 82793 | Slime:5  | Noticed the Royal Jelly
 82800 | Slime:5  | Found a viscous altar of Jiyva.
 82803 | Slime:5  | Killed the Royal Jelly
 83264 | Slime:5  | Gained mutation: You are clumsy. (Dex -2) [a shining eye]
 83283 | Slime:5  | Gained mutation: Your magical capacity is low. (-10% MP) [a
                  | shining eye]
 83294 | Slime:5  | Gained mutation: You occasionally lose the ability to drink
                  | potions when taking damage. [a shining eye]
 83295 | Slime:5  | Gained mutation: You are very clumsy. (Dex -4) [a shining
                  | eye]
 83357 | Slime:5  | Identified the ring "Withaunla" {+Blink AC+4 SInv}
 83447 | Slime:5  | Got a slimy rune of Zot
 84248 | Slime:2  | Lost mutation: You are very clumsy. (Dex -4) [potion of
                  | mutation]
 84248 | Slime:2  | Lost mutation: You are clumsy. (Dex -2) [potion of
                  | mutation]
 84248 | Slime:2  | Lost mutation: Your magical capacity is low. (-10% MP)
                  | [potion of mutation]
 84248 | Slime:2  | Gained mutation: You occasionally lose the ability to read
                  | scrolls when taking damage. [potion of mutation]
 84249 | Slime:2  | Lost mutation: You are partially covered in iridescent
                  | scales. (AC +2) [potion of mutation]
 84249 | Slime:2  | Lost mutation: You are strong-willed. (Will+) [potion of
                  | mutation]
 84249 | Slime:2  | Lost mutation: Your spells are a little harder to cast, but
                  | a little more powerful. [potion of mutation]
 84249 | Slime:2  | Gained mutation: You expend magic power (3 MP) to
                  | strengthen your wands. [potion of mutation]
 84250 | Slime:2  | Lost mutation: You expend magic power (3 MP) to strengthen
                  | your wands. [potion of mutation]
 84250 | Slime:2  | Lost mutation: You occasionally lose the ability to read
                  | scrolls when taking damage. [potion of mutation]
 84250 | Slime:2  | Gained mutation: You have hidden genetic potential. [potion
                  | of mutation]
 84250 | Slime:2  | Gained mutation: Your body sometimes deteriorates upon
                  | taking damage. [potion of mutation]
 84250 | Slime:2  | Gained mutation: Your flesh is heat resistant. (rF+)
                  | [potion of mutation]
 84250 | Slime:2  | Gained mutation: You possess an exceptional clarity of
                  | mind. [potion of mutation]
 84251 | Slime:2  | Lost mutation: You possess an exceptional clarity of mind.
                  | [potion of mutation]
 84251 | Slime:2  | Lost mutation: Your flesh is heat resistant. (rF+) [potion
                  | of mutation]
 84251 | Slime:2  | Gained mutation: You do not regenerate when monsters are
                  | visible. [potion of mutation]
 84252 | Slime:2  | Lost mutation: Your body sometimes deteriorates upon taking
                  | damage. [potion of mutation]
 84252 | Slime:2  | Lost mutation: You do not regenerate when monsters are
                  | visible. [potion of mutation]
 84252 | Slime:2  | Lost mutation: You have hidden genetic potential. [potion
                  | of mutation]
 84252 | Slime:2  | Gained mutation: One of your tentacles bears a spike.
                  | [potion of mutation]
 84252 | Slime:2  | Gained mutation: Your mind is acute. (Int +4, Str/Dex -1)
                  | [potion of mutation]
 84253 | Slime:2  | Lost mutation: You occasionally lose the ability to drink
                  | potions when taking damage. [potion of mutation]
 84253 | Slime:2  | Lost mutation: One of your tentacles bears a spike. [potion
                  | of mutation]
 84253 | Slime:2  | Lost mutation: Your mind is acute. (Int +4, Str/Dex -1)
                  | [potion of mutation]
 84253 | Slime:2  | Gained mutation: Your muscles are strong. (Str +4, Int/Dex
                  | -1) [potion of mutation]
 84253 | Slime:2  | Gained mutation: You possess an exceptional clarity of
                  | mind. [potion of mutation]
 84253 | Slime:2  | Gained mutation: You occasionally shout uncontrollably at
                  | your foes. [potion of mutation]
 84264 | Slime:1  | Gained mutation: You are dopey. (Int -2) [a shining eye]
 84832 | Zot:1    | Entered Level 1 of the Realm of Zot
 85151 | Hell     | Entered the Vestibule of Hell
 85151 | Hell     | Noticed Geryon
 85174 | Hell     | Killed Geryon
 85759 | Hell     | Found a gateway to the decaying netherworld of Tartarus.
 85864 | Hell     | Found a gateway to the freezing wastes of Cocytus.
 85866 | Hell     | Paralysed by a wendigo for 1 turns
 85969 | Hell     | Found a gateway to the Iron City of Dis.
 86101 | Hell     | Found a gateway to the ashen valley of Gehenna.
 86194 | Coc:1    | Entered Level 1 of Cocytus
 86523 | Coc:3    | Noticed a shard shrike
 86524 | Coc:3    | Noticed a shard shrike
 86524 | Coc:3    | Noticed a shard shrike
 86531 | Coc:3    | Noticed a shard shrike
 86549 | Coc:3    | Killed a shard shrike
 86550 | Coc:3    | Killed a shard shrike
 86554 | Coc:3    | Killed a shard shrike
 86557 | Coc:3    | Killed a shard shrike
 86709 | Coc:5    | Reached XP level 27. HP: 138/175 MP: 35/38
 87436 | Coc:5    | Paralysed by a wendigo for 1 turns
 88412 | Depths:4 | Voluntarily entered the Abyss.
 88413 | Abyss:1  | Found a corrupted altar of Lugonu.
 88968 | Abyss:3  | Noticed an ancient lich
 88975 | Abyss:3  | Killed an ancient lich
 89705 | Abyss:3  | Found a shimmering altar of Xom.
 90512 | Abyss:4  | Gained mutation: Your spells are a little easier to cast,
                  | but a little less powerful. [a neqoxec]
 90644 | Abyss:5  | Got an abyssal rune of Zot
 90790 | Depths:4 | Escaped the Abyss
 90969 | Pan      | Entered Pandemonium
 91279 | Pan      | Found an exit through the horrors of the Abyss.
 91954 | Pan      | Learned a level 6 spell: Conjure Ball Lightning
 91960 | Pan      | Learned a level 5 spell: Freezing Cloud
 92061 | Pan      | Noticed Luliom the pandemonium lord
 92789 | Pan      | Learned a level 3 spell: Lesser Beckoning
 93396 | Pan      | Found an exit through the horrors of the Abyss.
 93526 | Pan      | Found a huge runed translucent gate.
 93527 | Pan      | Found an exit through the horrors of the Abyss.
 93591 | Pan      | Entered the realm of Cerebov.
 93794 | Pan      | Reached skill level 27 in Unarmed Combat
 93890 | Pan      | Identified the +10 spear "Dilaerghi" {speed, rN++ Int+4
                  | Dex+3}
 94076 | Pan      | Identified the +0 plate armour "Ciub" {Drain rN+ Int+4
                  | Dex+3}
 94076 | Pan      | Identified the +7 hand crossbow of Truncation {freeze, rC+
                  | Str+4 Dex-4}
 94076 | Pan      | Identified the ring of Gluttony {Fire +Blink Int-4 Dex+6
                  | Stlth+}
 94099 | Pan      | Found the +6 sword of Cerebov {flame}
 94099 | Pan      | Noticed Cerebov
 94117 | Pan      | Killed Cerebov
 94218 | Pan      | Identified the +7 sling "Devid" {flame, rElec rPois rN++
                  | Int-5}
 94248 | Pan      | Identified the +1 mace "Ocahiob" {pain, MP+9 Int-2 Dex+6
                  | Stlth+}
 94275 | Pan      | Got a fiery rune of Zot
 94345 | Pan      | Identified the +1 scale mail "Fuolel" {rPois}
 94571 | Pan      | Noticed Poolleal the pandemonium lord
 94589 | Pan      | Killed Poolleal the pandemonium lord
 95136 | Pan      | Found a white marble altar of Elyvilon.
 95716 | Pan      | Identified the +0 tower shield "Elugguga" {Int-5 Dex+6}
 95728 | Pan      | Found a glowing silver altar of Zin.
 96240 | Pan      | Noticed a seraph
 96248 | Pan      | Killed a seraph
 96253 | Pan      | Found a glowing golden altar of the Shining One.
 96292 | Pan      | Got a demonic rune of Zot
 96552 | Depths:2 | Escaped Pandemonium
 96558 | Pan      | Entered Pandemonium
 96600 | Pan      | Noticed Temeul the pandemonium lord
 96605 | Pan      | Killed Temeul the pandemonium lord
 96793 | Pan      | Acquired 497 gold pieces
 97174 | Pan      | Identified the ring "Zid Rah" {rF- rC+ rCorr SInv}
 97725 | Pan      | Noticed Cuggevukag the pandemonium lord
 97750 | Pan      | Killed Cuggevukag the pandemonium lord
 98073 | Pan      | Found a runed translucent door.
 98078 | Pan      | Entered the realm of Gloorx Vloq.
 98306 | Pan      | Found an exit through the horrors of the Abyss.
 99075 | Pan      | Noticed Gloorx Vloq
 99089 | Pan      | Killed Gloorx Vloq
 99249 | Pan      | Got a dark rune of Zot
 99290 | Pan      | Found an opulent altar of Gozag.
 99290 | Pan      | Found Cop Loyps's Infernal Boutique.
 99290 | Pan      | Found Cop Loyps's Exquisite Manuscripts.
 99294 | Pan      | Found an opulent altar of Gozag.
 99555 | Pan      | Found Cop Loyps's Superb Hardware.
 99706 | Pan      | Noticed Cop Loyps the pandemonium lord
 99722 | Pan      | Killed Cop Loyps the pandemonium lord
 99933 | Pan      | Found an opulent altar of Gozag.
100121 | Pan      | Found Cop Loyps's Rarities Hole.
100135 | Pan      | Bought the ring "Wuetog" {rC+ Will+ Int+7 SInv Stlth-} for
                  | 1073 gold pieces
100190 | Pan      | Bought Gloorx Vloq's Compilation of Exhumation for 612 gold
                  | pieces
100218 | Pan      | Bought 2 scrolls of teleportation for 72 gold pieces
100218 | Pan      | Bought 2 scrolls of amnesia for 96 gold pieces
100278 | Depths:2 | Escaped Pandemonium
100283 | Depths:2 | Bought a scroll of blinking for 90 gold pieces
100283 | Depths:2 | Bought a potion of haste for 120 gold pieces
100286 | Pan      | Entered the realm of Mnoleg.
100286 | Pan      | Entered Pandemonium
100369 | Pan      | Found an exit through the horrors of the Abyss.
100438 | Pan      | Gained mutation: You have hidden genetic defects. [a
                  | neqoxec]
100566 | Pan      | Noticed Mnoleg
100571 | Pan      | Gained mutation: You are clumsy. (Dex -2) [a cacodemon]
100578 | Pan      | Killed Mnoleg
100603 | Pan      | Got a glowing rune of Zot
100665 | Pan      | Gained mutation: You are frail. (-10% HP) [a cacodemon]
100675 | Pan      | Entered the realm of Lom Lobon.
101122 | Pan      | Found an exit through the horrors of the Abyss.
101373 | Pan      | Gained mutation: Your magical capacity is low. (-10% MP)
                  | [hidden defects]
101695 | Pan      | Noticed Lom Lobon
101728 | Pan      | Killed Lom Lobon
102006 | Pan      | Got a magical rune of Zot
102324 | Pan      | Reached skill level 27 in Stealth
102332 | Pan      | Noticed Ughaiv the pandemonium lord
102342 | Pan      | Killed Ughaiv the pandemonium lord
102369 | Pan      | Gained mutation: You are very dopey. (Int -4) [hidden
                  | defects]
102369 | Pan      | Lost mutation: You have hidden genetic defects. [hidden
                  | defects expressed]
102507 | Pan      | Identified the ring of Enwir {rF+ Slay+5}
102875 | Pan      | Learned a level 9 spell: Chain Lightning
102879 | Pan      | Reached skill level 1 in Conjurations
103429 | Pan      | Identified the ring of Spring {rElec rF+ Str+6}
103518 | Pan      | Reached skill level 5 in Conjurations
104120 | Pan      | Gained mutation: You are very clumsy. (Dex -4) [a
                  | cacodemon]
104382 | Pan      | Noticed Kathrem the pandemonium lord
104414 | Pan      | Killed Kathrem the pandemonium lord
104507 | Pan      | Found a transporter.
104508 | Pan      | Identified the ring of Gatiog {rElec rPois rN+++ Int+6
                  | Slay-3}
104542 | Pan      | Found a transporter.
104617 | Pan      | Reached skill level 10 in Conjurations
105027 | Pan      | Found an exit through the horrors of the Abyss.
105082 | Pan      | Noticed Suabboil the pandemonium lord
105119 | Pan      | Took an exit into the Abyss.
105119 | Abyss:5  | Escaped into the Abyss
105140 | Depths:2 | Escaped the Abyss
105144 | Depths:2 | Bought a potion of curing for 48 gold pieces
105144 | Depths:2 | Bought a potion of invisibility for 128 gold pieces
105144 | Depths:2 | Bought a potion of curing for 48 gold pieces
105144 | Depths:2 | Bought a potion of ambrosia for 128 gold pieces
105316 | Geh:1    | Entered Level 1 of Gehenna
105864 | Geh:2    | Found a runed translucent gate.
105864 | Geh:2    | Found a runed translucent gate.
105864 | Geh:2    | Found a runed translucent gate.
105864 | Geh:2    | Found a runed translucent gate.
105864 | Geh:2    | Found a runed translucent gate.
105864 | Geh:2    | Found a runed translucent gate.
105867 | Geh:2    | Found a runed translucent gate.
105867 | Geh:2    | Found a runed translucent gate.
105867 | Geh:2    | Found a runed translucent gate.
105867 | Geh:2    | Found a runed translucent gate.
105867 | Geh:2    | Found a runed translucent gate.
105867 | Geh:2    | Found a runed translucent gate.
105884 | Geh:2    | Killed by an exploding creeping inferno

Illustrated notes

Levels and vault maps discovered:
D:1:      dpeg_arrival_orchard, layout_basic, serial_shops,
          nicolae_lakefront_shop, nicolae_shop_crystal
D:2:      layout_basic, ebering_ecumenical_altar_webs, serial_shops,
          nicolae_shop_behind_doors, minmay_misc_feat_roman,
          uniq_crazy_yiuf_cottage, uniq_sigmund
D:3:      layout_rooms, nemelex_diamond_rough_becter, tso_metal_star,
          serial_corexii_hall, corexii_hall_statues_x, corexii_hall_statues_u,
          uniq_natasha
D:4:      layout_rooms, pdpol_temple_overflow_zin_treasury_gozag_greed,
          minmay_temple_entry_arrows, corner_web_ring, minmay_ruined_shrine
D:5:      layout_loops_ring, nicolae_ru_path_of_blood, ebering_ghost_sewer_d
D:6:      layout_rooms, lemuel_round_altar, minitemple, lemuel_crystal_altar,
          minmay_misc_feat_secret_circle, nicolae_stop_n_shop_2,
          minmay_misc_feat_chi
D:7:      layout_rooms, uniq_menkaure
D:8:      layout_loops_ring, gammafunk_ghost_necromancy
D:9:      layout_cross, lemuel_coloured_pillars_altar, hangedman_decor_push,
          grunt_decor_fettered, hangedman_fish_farm, uniq_psyche
D:10:     minmay_the_grid_triangle_9x9_rhombus_thin
          [minmay_the_grid_triangle_9x9_corruption,
          minmay_the_grid_triangle_9x9_prize_special,
          minmay_the_grid_triangle_9x9_limited_checkers,
          minmay_the_grid_triangle_9x9_corrupted_corridor], layout_basic,
          david_lair_shrubbed, orc_0_dummy, minivault_21
D:11:     layout_cave_pools
D:12:     layout_basic
D:13:     layout_cave_pools, grunt_vaults_entry_fortified,
          kennysheep_another_room
D:14:     layout_roguey
D:15:     grunt_enter_depths_hoard, layout_basic, serial_curves, eino_curves_03,
          eino_curves_02, chequers_serial_rivers_micro_e,
          nicolae_qazlal_style_of_elements
Temple:   nicolae_temple_x_marks_the_god
Lair:1:   statuecave_lemuel, layout_regular_city, wad_woods_road_01,
          hangedman_lair_unloving_vines, serial_bayou_shore_b,
          serial_bayou_shore_b, uniq_grum
Lair:2:   layout_gridlike, minmay_shoals_entry_hut,
          nicolae_volcano_entry_two_sided
Lair:3:   layout_hall_layers, guppyfry_snake_entry_island,
          kilobyte_rumbling_trees
Lair:4:   layout_gridlike, minmay_slime_entry_oklob_open,
          gammafunk_ghost_berserking_beasts
Lair:5:   minmay_lair_end_enchanted_forest, layout_regular_city,
          infiniplex_staircase_pool_2
Shoals:1: layout_shoals, ebering_ghost_rock_garden, st_cyclops, uniq_frances
Shoals:2: layout_shoals, serial_shops, shop, nicolae_shop_hallway_plus, shop,
          nicolae_shop_trees, shop
Shoals:3: layout_shoals, ebering_ghost_reflecting_pool,
          nicolae_shoals_water_booths
Shoals:4: shoals_end_hellmonk_storm_palace [storm_palace_center_square,
          storm_palace_corner_pillars, storm_palace_corner_reverse_hut,
          storm_palace_corner_blocked, storm_palace_corner_narrow]
Snake:1:  onia_ninara_swampy_vault, layout_honeycomb, nicolae_snake_lava_pool,
          uniq_nikola
Snake:2:  layout_cave_pods, basic_altar, uniq_agnes
Snake:3:  layout_cave_town, basic_altar, serial_shops, nicolae_shop_trees,
          gammafunk_ghost_arena, serial_bayou_pond_c, eino_curves_03,
          serial_bayou_shore_b
Snake:4:  grunt_snake_rune_serpentine_throne, layout_chambers,
          portal_ice_cave_entry_ugly_swarm, nicolae_shop_i_like_big_books
Slime:1:  layout_caves
Slime:2:  layout_caves
Slime:3:  layout_caves, cheibrodos_slime_lost_civilization_7
Slime:4:  layout_caves, uniq_dissolution
Slime:5
Orc:1:    layout_caves, serial_shops, nicolae_shop_statue_plus
Orc:2:    st_orc_pillars, layout_caves, uniq_saint_roka
Elf:1:    eino_elf_arrival_customs, layout_loops_cross, basic_altar
Elf:2:    elven_hall_of_blades_hangedman_original
          [nicolae_blade_entry_diamond_columns], layout_geoelf_octagon,
          serial_shops, shop, not_door_vault_due
Elf:3:    nooodl_elf_gasket, layout_loops_corners
Vaults:1: nicolae_vaults_network_star, hangedman_vaults_hat,
          hangedman_vaults_slither, v_rooms_3, grunt_vaults_bifocal,
          vaults_dpeg_ring, v_misc_13, vaults_mumra_minichess,
          nicolae_vaults_little_squares_6, ontoclasm_vaults_ring_large,
          v_misc_9, ontoclasm_vaults_gateway, nicolae_vaults_rhombus_6,
          layout_vaults_big_cross, serial_shops, nicolae_shop_stone,
          enter_trove_2, uniq_asterion
Vaults:2: minmay_crypt_entry_simple_sparse, ontoclasm_vaults_spin, v_rooms_1,
          nicolae_vaults_quadrants, v_misc_3, v_rooms_4, v_alt_pattern_4,
          nicolae_vaults_what_the_h, v_pattern_5, ontoclasm_vaults_pinch,
          layout_vaults_ring, serial_shops, shop
Vaults:3: grunt_vaults_diagonal, nicolae_vaults_ring_of_whatevers,
          nicolae_vaults_puzzle_piece, vaults_dpeg_emergency_exit,
          grunt_vaults_funnel, v_pattern_1, nicolae_vaults_little_squares_4,
          vaults_room_corners, layout_vaults_omnigrid, serial_shops, shop,
          nicolae_shop_stone, shop_fountains, uniq_margery, uniq_mara
Vaults:4: portal_desolation_entry_salt, hangedman_vaults_corner_blocks,
          v_rooms_6, nicolae_vaults_windows_and_doors_thing,
          vaults_room_corners, nicolae_vaults_network_square, v_alt_pattern_6,
          grunt_vaults_hallway_short, layout_vaults_big_room, uniq_aizul
Vaults:5: serial_shops
Depths:1: minmay_central_circle, layout_gridville, fedhas_altar_2, hell_entry,
          nrook_mini_vaults, lightli_giant_bouncers
Depths:2: minmay_split_circle, layout_cave_pools, hell_entry,
          rand_demon_pan_entry_8, ebering_dispersal_statue_hall,
          infiniplex_staircase_zigzag_4, minmay_shop_grove
Depths:3: evilmike_horseshoe, layout_basic, enter_ziggurat_e,
          grunt_mini_vestibule, abyss_entry, serial_shops, nicolae_shop_trees
Depths:4: hangedman_pleasuredromes, abyss_entry, hell_entry
Hell
Geh:1:    nicolae_geh_seventh_circle, layout_gehenna_lava_caves
Geh:2:    layout_gehenna_pools_box, nicolae_geh_backdraft
Coc:1:    layout_ice_bergs
Coc:2:    layout_ice_bergs
Coc:3:    layout_cocytus_delve
Coc:4:    layout_ice_bergs
Coc:5:    nicolae_coc_caina, layout_cocytus_water_paths
Zot:1:    layout_gridlike, st_stairs_9, grunt_ministairs_10

Skill      XL: |  1  2  3  4  5  6  7  8  9 10 11 12 13 14 15 16 17 18 19 20 21 22 23 24 25 26 27 |
---------------+----------------------------------------------------------------------------------+-----
Unarmed Combat | 4 5 6 9 10 11 13 16 17 20 22 23 27 | 27.0
Fighting       | 2 3 6 7 8 9 11 13 14 15 16 20 24 | 24.0
Stealth        | 2 3 6 12 14 16 18 20 27 | 27.0
Transmutations | 3 5 6 9 11 12 13 14 15 17 19 | 19.2
Ice Magic      | 1 3 6 8 |  8.0
Spellcasting   | 5 8 9 11 14 | 14.3
Air Magic      | 7 9 10 12 13 14 15 17 19 | 19.0
Evocations     | 7 9 |  9.1
Dodging        | 8 11 16 18 | 18.9
Conjurations   | 13 | 13.3

Action                   |  1- 3 |  4- 6 |  7- 9 | 10-12 | 13-15 | 16-18 | 19-21 | 22-24 | 25-27 || total
-------------------------+-------+-------+-------+-------+-------+-------+-------+-------+-------++-------
Melee: Unarmed           |   100 |   107 |   205 |   424 |   716 |   669 |   663 |   638 |  2151 ||  5673
       Tentacles         |    18 |    29 |    17 |     2 |     2 |     1 |     8 |     3 |     4 ||    84
       Kick              |    26 |    26 |    19 |       |       |       |       |       |       ||    71
       Constrict         |    21 |    31 |     7 |       |     2 |       |     2 |       |     3 ||    66
       Punch             |     3 |     4 |     3 |     1 |    33 |    64 |   105 |   110 |   335 ||   658
       Spear             |       |       |       |       |     4 |     9 |    26 |     6 |    13 ||    58
Throw: Throwing net      |       |       |       |     1 |       |       |       |       |       ||     1
 Cast: Beastly Appendage |    24 |    40 |    14 |       |       |       |       |       |     1 ||    79
       Wereblood         |     1 |    15 |    12 |    24 |    31 |    19 |    27 |    25 |    55 ||   209
       Ice Form          |       |       |    26 |    67 |    43 |       |       |       |       ||   136
       Ozocubu's Armour  |       |       |       |     7 |     9 |     3 |       |     1 |     5 ||    25
       Summon Lightning  |       |       |       |       |    52 |    51 |    18 |     6 |    16 ||   143
       Storm Form        |       |       |       |       |    43 |    91 |    56 |    65 |   198 ||   453
       Metabolic Englaci |       |       |       |       |       |     6 |     1 |       |       ||     7
       Silence           |       |       |       |       |       |       |       |     4 |     4 ||     8
       Conjure Ball Ligh |       |       |       |       |       |       |       |       |    22 ||    22
       Freezing Cloud    |       |       |       |       |       |       |       |       |    15 ||    15
Invok: Call Merchant     |       |       |       |       |     2 |     1 |     1 |     1 |     8 ||    13
       Potion Petition   |       |       |       |       |     3 |     3 |       |       |     3 ||     9
 Abil: Blinkbolt         |       |       |       |       |       |     2 |     2 |     2 |    34 ||    40
       End Transformatio |       |       |       |       |       |       |       |     1 |     1 ||     2
Evoke: Condenser vane    |       |       |       |       |       |       |     1 |       |       ||     1
       Wand              |       |       |       |       |       |       |       |       |     3 ||     3
  Use: Potion            |     2 |     2 |     4 |    10 |     1 |     1 |     3 |     2 |    30 ||    55
       Scroll            |       |     6 |     2 |    17 |    13 |     6 |     6 |     8 |    21 ||    79
 Stab: Sleeping          |     3 |     6 |     1 |    17 |     3 |     4 |     9 |     2 |    22 ||    67
       Distracted        |       |       |       |     1 |    17 |    16 |    16 |     9 |    49 ||   108
       Invisible         |       |       |       |       |       |       |       |       |     3 ||     3
Armor: Skin              |    17 |     5 |    37 |   145 |   296 |   171 |   106 |   108 |   295 ||  1180
Dodge: Dodged            |    57 |    47 |    90 |   189 |   431 |   624 |   441 |   395 |  1440 ||  3714
Block: Other             |       |       |       |       |       |     1 |    84 |    68 |   262 ||   415
       Reflection        |       |       |       |       |       |       |    13 |     4 |    18 ||    35
       Kite shield       |       |       |       |       |       |       |       |     1 |     5 ||     6
